 Dungeon Crawl Stone Soup version 0.18.1-5-g4a78601 (webtiles) character file.

198 Zhenya25pyc the Skirmisher (level 5, -4/34 HPs)
             Began as a Gargoyle Fighter on May 13, 2016.
             Killed by nerve-wracking pain
             ... invoked by a shadow imp
              (8 damage)
             ... on level 5 of the Dungeon.
             The game lasted 00:05:37 (1863 turns).

Zhenya25pyc the Skirmisher (Gargoyle Fighter)       Turns: 1863, Time: 00:05:38

Health: -4/34      AC: 14    Str: 20    XL:     5   Next: 77%
Magic:  5/5        EV:  7    Int:  9    God:
Gold:   172        SH:  9    Dex:  9    Spells: 0 memorised, 4 levels left

rFire  . . .     SeeInvis .     u - -2 mace (curse)
rCold  . . .     Gourm    .     b - +0 scale mail
rNeg   + + .     Faith    .     c - +0 shield
rPois  ∞         Spirit   .     h - +0 helmet
rElec  +         Dismiss  .     t - +0 cloak
rCorr  .         Reflect  .     (no gloves)
SustAt .         Harm     .     k - +0 pair of boots (curse)
MR     .....                    (no amulet)
Stlth  +.........               j - ring of positive energy
                                g - ring of stealth

@: fainting, not resistant to hostile enchantments, very unstealthy
A: negative energy resistance 1, electricity resistance, unbreathing,
petrification resistance, rot immunity, AC +4
a: no special abilities


You were on level 5 of the Dungeon.
You were fainting.

You visited 1 branch of the dungeon, and saw 5 of its levels.

You collected 172 gold pieces.

Inventory:

Hand Weapons
 a - a +0 flail
 u - a cursed -2 mace (weapon)
Armour
 b - a +0 scale mail (worn)
 c - a +0 shield (worn)
 h - a +0 helmet (worn)
 k - a cursed +0 pair of boots (worn)
 t - a +0 cloak (worn)
Jewellery
 g - a ring of stealth (left hand)
 j - a ring of positive energy (right hand)
 v - an uncursed ring of flight
Scrolls
 e - 2 scrolls of enchant armour {unknown}
 i - 2 scrolls of identify {unknown}
 l - a scroll of amnesia {unknown}
 o - a scroll of noise {unknown}
 p - 4 scrolls of enchant weapon {unknown}
 r - a scroll of immolation {unknown}
Potions
 d - a potion of might
 m - a potion of resistance {unknown}
 q - a potion of cure mutation {unknown}
 s - a potion of curing {unknown}
 w - a potion of invisibility {unknown}
 x - 2 potions of degeneration {unknown}
 z - a potion of mutation {unknown}
Comestibles
 f - a bread ration
 n - 2 meat rations


   Skills:
 + Level 4.3 Fighting
 * Level 4.0 Maces & Flails
 + Level 3.9 Armour
 + Level 4.3 Shields


You had 4 spell levels left.
You didn't know any spells.

Dungeon Overview and Level Annotations

Branches:
Dungeon (5/15)
 Temple: D:4-7

Altars:
Sif Muna


Innate Abilities, Weirdness & Mutations

You are resistant to torment.
Your stone body is resilient (AC +4).
You are immune to poison.
You resist negative energy.
You are resistant to electric shocks.
You can survive without breathing.
You are immune to petrification.
You are immune to rotting.


Message History

The worker ant is heavily wounded.
The worker ant bites you but does no damage.
The giant gecko bites you but does no damage.
The shadow imp disappears for a moment.
The shadow imp barely misses you. The scorpion closely misses you.
You barely miss the worker ant.
The worker ant is heavily wounded.
The worker ant bites you but does no damage.
You block the giant gecko's attack. The shadow imp barely misses you.
The scorpion barely misses you.
The worker ant bites you but does no damage.
You block the giant gecko's attack.
You completely miss the worker ant.
The worker ant is heavily wounded.
The worker ant bites you.
* * * LOW HITPOINT WARNING * * *
You block the scorpion's attack. The shadow imp gestures at you.
Pain shoots through your body!
You die...

..?......####
............
........... #
#......... #.
..#....#
#.##.#....#
#....l5...#
#..<.@aZ#
##....s##
#.....#
#.....#
#######


You could see a scorpion, a worker ant, a shadow imp, a wasp zombie and a giant
gecko.

Vanquished Creatures
  Crazy Yiuf (D:2)
  A worker ant (D:4)
  3 gnolls (D:2)
  5 adders
  3 worms (D:2)
  3 dart slugs
  2 giant geckos (D:3)
  3 ball pythons (D:2)
  3 giant cockroaches
  7 goblins
  4 hobgoblins
  11 jackals
  A quokka (D:2)
  3 bats
  4 giant newts (D:2)
  3 kobolds
  6 rats
63 creatures vanquished.

Notes
Turn   | Place    | Note
--------------------------------------------------------------
     0 | D:1      | Zhenya25pyc the Gargoyle Fighter began the quest for the Orb.
     0 | D:1      | Reached XP level 1. HP: 14/14 MP: 1/1
   124 | D:1      | Reached XP level 2. HP: 15/19 MP: 2/2
   412 | D:2      | Found a deep blue altar of Sif Muna.
   442 | D:2      | Reached XP level 3. HP: 18/23 MP: 3/3
   627 | D:2      | Reached XP level 4. HP: 27/29 MP: 4/4
   728 | D:2      | Noticed Crazy Yiuf
   732 | D:2      | Killed Crazy Yiuf
   946 | D:2      | Reached XP level 5. HP: 17/33 MP: 5/5
  1463 | D:3      | Paralysed by fainting for 6 turns
  1522 | D:3      | Paralysed by fainting for 10 turns
  1851 | D:5      | Entered Level 5 of the Dungeon
  1863 | D:5      | Killed from afar by a shadow imp

Skill      XL: |  1  2  3  4  5 |
---------------+----------------+-----
Maces & Flails | 3 4 |  4.0
Fighting       | 4 |  4.3
Shields        | 4 |  4.3
Armour         | |  3.9

Action                   |  1- 3 |  4- 6 || total
-------------------------+-------+-------++-------
Melee: Flail             |   122 |     8 ||   130
       Mace              |       |   274 ||   274
  Eat: Beef jerky        |       |     1 ||     1
Armor: Scale mail        |    60 |   176 ||   236
Dodge: Dodged            |    38 |   125 ||   163
Block: Shield            |    76 |   201 ||   277
